[Event "71st MNE-ch 2019"]
[Site "Podgorica"]
[Date "2019.05.22"]
[Round "5"]
[White "Vujovic, Savo"]
[Black "Popadic, Dragan"]
[Result "1-0"]
[ECO "B30"]
[WhiteElo "1940"]
[BlackElo "2198"]
[Annotator "RC"]
[PlyCount "109"]
[EventDate "2019.05.18"]
[EventType "swiss"]
[EventCountry "MNE"]
[SourceTitle "playchess.com"]
[Source "ChessBase"]
[SourceQuality "1"]
[TimeControl "40/5400+30:1800+30"]

1. e4 c5 2. Nf3 Nc6 3. Bb5 e5 4. O-O d6 5. c3 Bd7 6. d4 Qc7 7. Na3 a6 8. Bxc6 Bxc6 9. d5 Bd7 10. Nd2 Be7 11. Re1 Nf6 12. Nf1 O-O 13. Ng3 Rae8 14. Nc2 Kh8 15. a4 Ng8 16. f4 exf4 17. Bxf4 Bf6 18. Rf1 Be5 19. Ne3 f6 20. Bxe5 Rxe5 21. Qf3 Nh6 22. Nc4 Rg5 23. h4 Rg4 24. h5 Re8 25. Ne3 Rh4 26. b3 Qd8 27. Rae1 Qe7 28. Qf2 Ng4 29. Nxg4 Rxg4 30. h6 g6 31. Qxf6+ Qxf6 32. Rxf6 Rxg3 33. Rf7 Bh3 34. Kh2 Rxg2+ 35. Kxh3 Rg5 36. Rxb7 Rh5+ 37. Kg3 Rxh6 38. e5 Rh5 39. Rb6 Rhxe5 40. Rxe5 dxe5 41. Rxa6 Rb8 42. d6 Kg7 43. Ra7+ Kf6 44. Rxh7 Rxb3 45. d7 Rxc3+ 46. Kf2 Rd3 47. a5 c4 48. a6 c3 49. a7 c2 50. a8=Q Rd2+ 51. Ke3 c1=Q 52. Qf3+ Kg5 53. Qg3+ Kf5 54. Rf7+ Ke6 55. Qxg6+ 1-0

[Event "71st MNE-ch 2019"]
[Site "Podgorica"]
[Date "2019.05.22"]
[Round "5"]
[White "Bacic, Kristina"]
[Black "Rakic, Tijana"]
[Result "0-1"]
[ECO "A00"]
[WhiteElo "1819"]
[BlackElo "1579"]
[Annotator "NA RC"]
[PlyCount "116"]
[EventDate "2019.05.18"]
[EventType "swiss"]
[EventCountry "MNE"]
[SourceTitle "playchess.com"]
[Source "ChessBase"]
[SourceQuality "1"]
[TimeControl "40/5400+30:1800+30"]

1. g3 c5 2. Bg2 Nc6 3. Nf3 e5 4. d3 g6 5. O-O Bg7 6. c4 Nge7 7. Nc3 O-O 8. Ne1 d6 9. Nc2 Be6 10. Ne3 Qd7 11. Ned5 f5 12. Qa4 Nc8 13. Rb1 Nb6 14. Qb5 Nd4 15. Qxd7 Bxd7 16. Nxb6 axb6 17. Bxb7 Rab8 18. Bd5+ Kh8 19. Bd2 b5 20. e3 b4 21. exd4 bxc3 22. Bxc3 exd4 23. Ba5 Rbe8 24. Bc7 Rf6 25. Rfe1 Rc8 26. Bb6 f4 27. Be4 d5 28. Bxc5 fxg3 29. Bxd4 gxf2+ 30. Bxf2 dxe4 31. Rxe4 Bf5 32. Re3 Rd6 33. Rbe1 Bxb2 34. Re8+ Rxe8 35. Rxe8+ Kg7 36. Rb8 Bd4 37. Rb7+ Kh6 38. c5 Bxf2+ 39. Kxf2 Rxd3 40. a4 Ra3 41. Rb4 Bd7 42. Rb7 Bxa4 43. Ra7 Ra2+ 44. Kg3 Bb3 45. Rb7 Bd5 46. Rd7 Be6 47. Rd6 Bf5 48. Rd4 Rc2 49. Rd5 Rc4 50. Re5 Kg5 51. Re7 h5 52. Rc7 Rc3+ 53. Kf2 Kf4 54. c6 Rc2+ 55. Ke1 Rxh2 56. Rf7 Rc2 57. c7 Ke5 58. Kd1 Rc6 0-1

[Event "71st MNE-ch 2019"]
[Site "Podgorica"]
[Date "2019.05.22"]
[Round "5"]
[White "Ljeskovic, Luka"]
[Black "Miletic, Vuk"]
[Result "0-1"]
[ECO "B54"]
[WhiteElo "1710"]
[BlackElo "1954"]
[Annotator "NA RC"]
[PlyCount "78"]
[EventDate "2019.05.18"]
[EventType "swiss"]
[EventCountry "MNE"]
[SourceTitle "playchess.com"]
[Source "ChessBase"]
[SourceQuality "1"]
[TimeControl "40/5400+30:1800+30"]

1. e4 c5 2. Nf3 d6 3. d4 cxd4 4. Nxd4 Nc6 5. Be3 Nf6 6. Nc3 g6 7. f3 Bg7 8. Qd2 O-O 9. h4 h5 10. O-O-O Bd7 11. Be2 Rc8 12. Rdg1 Ne5 13. Bh6 Qb6 14. Bxg7 Kxg7 15. Nd5 Nxd5 16. exd5 Qc5 17. g4 hxg4 18. h5 Rh8 19. h6+ Kh7 20. f4 Nc4 21. Qc3 Nb6 22. Ne6 Qxc3 23. Ng5+ Kg8 24. bxc3 f6 25. Ne6 Bxe6 26. dxe6 f5 27. Bb5 Kh7 28. Kd2 Rc5 29. Rb1 Nd5 30. Bd7 b6 31. Rb3 Rb8 32. Ra3 a5 33. Rb3 Nxf4 34. Ke3 Nh5 35. Rhb1 Kxh6 36. Rxb6 Rxb6 37. Rxb6 Rxc3+ 38. Kd4 Rxc2 39. Rb7 g3 0-1

[Event "71st MNE-ch 2019"]
[Site "Podgorica"]
[Date "2019.05.22"]
[Round "5"]
[White "Sabotic, Denis"]
[Black "Petrovic, Slavko"]
[Result "1/2-1/2"]
[ECO "C62"]
[WhiteElo "1682"]
[BlackElo "1945"]
[Annotator "NA RC"]
[PlyCount "20"]
[EventDate "2019.05.18"]
[EventType "swiss"]
[EventCountry "MNE"]
[SourceTitle "playchess.com"]
[Source "ChessBase"]
[SourceQuality "1"]
[TimeControl "40/5400+30:1800+30"]

1. e4 e5 2. Nf3 Nc6 3. Bb5 d6 4. d4 exd4 5. Nxd4 Qd7 6. O-O Nf6 7. Re1 a6 8. e5 dxe5 9. Bxc6 bxc6 10. Rxe5+ Be7 1/2-1/2

[Event "71st MNE-ch 2019"]
[Site "Podgorica"]
[Date "2019.05.23"]
[Round "6.2"]
[White "Blagojevic, Dragisa"]
[Black "Draskovic, Luka"]
[Result "1-0"]
[ECO "E62"]
[WhiteElo "2499"]
[BlackElo "2430"]
[Annotator "RC"]
[PlyCount "83"]
[EventDate "2019.05.18"]
[EventType "swiss"]
[EventCountry "MNE"]
[SourceTitle "playchess.com"]
[Source "ChessBase"]
[SourceQuality "1"]
[TimeControl "40/5400+30:1800+30"]

1. d4 Nf6 2. c4 g6 3. Nf3 Bg7 4. g3 O-O 5. Bg2 d6 6. O-O Nc6 7. Nc3 e5 8. dxe5 dxe5 9. Bg5 Be6 10. Qc1 Qc8 11. Rd1 Re8 12. Ne1 Nd7 13. Bxc6 bxc6 14. b3 f5 15. Bh6 Bf6 16. e4 f4 17. gxf4 exf4 18. Bxf4 Ne5 19. f3 Bh3 20. Qe3 Qe6 21. Rac1 g5 22. Bg3 Rf8 23. Kh1 Bg7 24. Ne2 Rf7 25. Ng1 Raf8 26. Rc2 g4 27. f4 Ng6 28. Nd3 h5 29. Re2 Qe7 30. f5 Nh4 31. Nxh3 gxh3 32. Nf4 Bh6 33. Bxh4 Qxh4 34. Ng6 Qg4 35. Qxh6 Qf3+ 36. Kg1 Qg4+ 37. Kh1 Qf3+ 38. Kg1 Qg4+ 39. Kf1 Qf3+ 40. Ke1 Qh1+ 41. Kd2 Rd8+ 42. Ke3 1-0

[Event "71st MNE-ch 2019"]
[Site "Podgorica"]
[Date "2019.05.23"]
[Round "6.3"]
[White "Sukovic, Andrej"]
[Black "Kalezic, Blazo"]
[Result "0-1"]
[ECO "B15"]
[WhiteElo "2221"]
[BlackElo "2450"]
[Annotator "RC"]
[PlyCount "100"]
[EventDate "2019.05.18"]
[EventType "swiss"]
[EventCountry "MNE"]
[SourceTitle "playchess.com"]
[Source "ChessBase"]
[SourceQuality "1"]
[TimeControl "40/5400+30:1800+30"]

1. e4 c6 2. Nc3 d5 3. d4 dxe4 4. Nxe4 Nf6 5. Nxf6+ exf6 6. c3 Bd6 7. Bd3 O-O 8. Qc2 Re8+ 9. Be3 h5 10. O-O-O Be6 11. c4 Na6 12. a3 b5 13. c5 Bf8 14. Ne2 Nc7 15. Nf4 Nd5 16. Nxe6 Rxe6 17. Bh7+ Kh8 18. Qf5 Rxe3 19. fxe3 g6 20. Bxg6 fxg6 21. Qxg6 Qe8 22. Qd3 Qxe3+ 23. Qxe3 Nxe3 24. Rd3 Bh6 25. Kb1 Nxg2 26. Rf1 Bg5 27. Rf5 Nh4 28. Rf2 Ng6 29. Rb3 Rd8 30. a4 a6 31. axb5 axb5 32. Rd3 Kg7 33. Ka2 h4 34. Kb3 Nf4 35. Rd1 Kf7 36. Kb4 Nd5+ 37. Kb3 Re8 38. Rf3 Re2 39. h3 Be3 40. Rf5 Ke6 41. Rh5 Bg5 42. Rh8 Re3+ 43. Ka2 Rxh3 44. Rd8 Bf4 45. Re1+ Re3 46. Rxe3+ Nxe3 47. Rh8 Nf5 48. Rh5 Bg5 49. Rh8 Nxd4 50. Rd8 Ke5 0-1

[Event "71st MNE-ch 2019"]
[Site "Podgorica"]
[Date "2019.05.23"]
[Round "6.6"]
[White "Lekic, Dusan"]
[Black "Vujovic, Savo"]
[Result "1/2-1/2"]
[ECO "A05"]
[WhiteElo "2352"]
[BlackElo "1940"]
[Annotator "ChessBase"]
[PlyCount "103"]
[EventDate "2019.05.18"]
[EventType "swiss"]
[EventCountry "MNE"]
[SourceTitle "playchess.com"]
[Source "ChessBase"]
[SourceQuality "1"]
[TimeControl "40/5400+30:1800+30"]

1. Nf3 Nf6 2. g3 d5 3. Bg2 e6 4. O-O Be7 5. c4 O-O 6. d4 dxc4 7. Qc2 b5 8. a4 b4 9. Nfd2 c6 10. Nxc4 Qxd4 11. Rd1 Qc5 12. Nbd2 Rd8 13. b3 Ba6 14. Bb2 Qh5 15. Bf3 Qh6 16. Na5 Nd5 17. Ne4 Rc8 18. Nc5 Bd8 19. Nc4 Bxc4 20. Qxc4 Be7 21. e4 Ne3 22. fxe3 Qxe3+ 23. Kg2 Qxc5 24. Qe2 Bg5 25. h4 Bh6 26. Bd4 Qe7 27. Be5 a5 28. Rd3 Nd7 29. Bd6 Qe8 30. g4 g6 31. Rh1 Bf8 32. e5 Nc5 33. Bxc5 Bxc5 34. h5 Rd8 35. hxg6 fxg6 36. Rhd1 Be7 37. Qc2 Rac8 38. Qc4 Bf8 39. Rxd8 Rxd8 40. Bxc6 Qe7 41. Rxd8 Qxd8 42. Qxe6+ Kg7 43. Bd5 Qe7 44. Kf3 Qxe6 45. Bxe6 Be7 46. Ke4 Kf8 47. Kd5 h5 48. gxh5 gxh5 49. Kc6 h4 50. Kd7 Bg5 51. Bh3 Be7 52. e6 1/2-1/2

[Event "71st MNE-ch 2019"]
[Site "Podgorica"]
[Date "2019.05.23"]
[Round "6.14"]
[White "Rakic, Tijana"]
[Black "Sabotic, Denis"]
[Result "0-1"]
[ECO "B46"]
[WhiteElo "1579"]
[BlackElo "1682"]
[Annotator "NA RC"]
[PlyCount "50"]
[EventDate "2019.05.18"]
[EventType "swiss"]
[EventCountry "MNE"]
[SourceTitle "playchess.com"]
[Source "ChessBase"]
[SourceQuality "1"]
[TimeControl "40/5400+30:1800+30"]

1. e4 c5 2. Nf3 Nc6 3. d4 cxd4 4. Nxd4 e6 5. Nc3 a6 6. Be3 Bb4 7. Qd2 Nf6 8. f3 d5 9. Nxc6 bxc6 10. e5 Nd7 11. a3 Ba5 12. b4 Bb6 13. Bxb6 Qxb6 14. f4 Bb7 15. Na4 Qc7 16. Qe3 a5 17. Rb1 axb4 18. Rxb4 c5 19. Qc3 O-O 20. Bb5 Rfc8 21. Bxd7 cxb4 22. Qxc7 Rxc7 23. axb4 Rxd7 24. Nb6 Ra1+ 25. Kf2 Rxh1 0-1

[Event "71st MNE-ch 2019"]
[Site "Podgorica"]
[Date "2019.05.23"]
[Round "6.16"]
[White "Petrovic, Slavko"]
[Black "Ljeskovic, Luka"]
[Result "1-0"]
[ECO "B18"]
[WhiteElo "1945"]
[BlackElo "1710"]
[Annotator "NA RC"]
[PlyCount "67"]
[EventDate "2019.05.18"]
[EventType "swiss"]
[EventCountry "MNE"]
[SourceTitle "playchess.com"]
[Source "ChessBase"]
[SourceQuality "1"]
[TimeControl "40/5400+30:1800+30"]

1. e4 c6 2. d4 d5 3. Nd2 dxe4 4. Nxe4 Bf5 5. Ng3 Bg6 6. Nf3 Nd7 7. Bd3 Bxd3 8. Qxd3 e6 9. O-O Qc7 10. Re1 Ngf6 11. c4 O-O-O 12. Qc2 {[%emt 0:06:05] B18: Classical Caro-Kann: 4...Bf5 sidelines} h5 $146 ({Predecessor:} 12... Bb4 13. Re2 h5 14. a3 Bd6 15. b4 h4 16. Nf1 Bf4 17. Qa4 Kb8 18. Qc2 Rh5 19. Bxf4 Qxf4 {1-0 (28) Daamen,R (1782)-Wennekes,H (1810) Roosendaal 2009}) 13. Bg5 Bd6 14. Qc1 c5 15. d5 Rde8 16. dxe6 fxe6 17. a4 Ng4 18. Ra3 Nde5 19. Nh4 Qf7 (19... Nc6 $11 {and Black is okay.}) 20. Ne4 Bc7 21. f3 Nxh2 (21... Nf6 $16) 22. f4 Neg4 23. Rd3 Kb8 24. Red1 e5 $18 25. f5 g6 26. Rd7 Qf8 27. f6 Rd8 28. f7 Rxd7 29. Rxd7 Qc8 30. Qd2 Rf8 31. Nxg6 h4 32. Nxf8 h3 33. Ne6 hxg2 34. Kxg2 1-0

[Event "71st MNE-ch 2019"]
[Site "Podgorica"]
[Date "2019.05.24"]
[Round "7.2"]
[White "Tomic, Aleksandar"]
[Black "Blagojevic, Dragisa"]
[Result "1-0"]
[ECO "D45"]
[WhiteElo "2357"]
[BlackElo "2499"]
[Annotator "RC"]
[PlyCount "177"]
[EventDate "2019.05.18"]
[EventType "swiss"]
[EventCountry "MNE"]
[SourceTitle "playchess.com"]
[Source "ChessBase"]
[SourceQuality "1"]
[TimeControl "40/5400+30:1800+30"]

1. d4 d5 2. c4 e6 3. Nc3 c6 4. e3 Nf6 5. Nf3 Nbd7 6. Qc2 b6 7. cxd5 exd5 8. Bd3 Bb7 9. O-O Be7 10. Ne5 O-O 11. e4 dxe4 12. Nxe4 c5 13. Ng5 g6 14. Bc4 Nxe5 15. dxe5 Nd5 16. h4 Qd7 17. Qe2 f6 18. Nf3 Kg7 19. Rd1 Rad8 20. e6 Qc7 21. h5 g5 22. h6+ Kxh6 23. Nh4 Qe5 24. Qc2 f5 25. Bd2 Qe4 26. Qxe4 fxe4 27. g3 Bf6 28. Nf5+ Kg6 29. g4 Rfe8 30. Bc3 Bxc3 31. bxc3 Kf6 32. e7 Rxe7 33. Nxe7 Kxe7 34. Bxd5 Bxd5 35. Rd2 Be6 36. Rxd8 Kxd8 37. Re1 Bxa2 38. Ra1 Be6 39. Rxa7 Bd7 40. Kf1 b5 41. Ke1 h6 42. Ra6 Bxg4 43. Rxh6 Kd7 44. Rb6 Be6 45. Rxb5 Kc6 46. Ra5 Kd5 47. Kd2 Bg4 48. Ra4 Bd7 49. Ra7 Bh3 50. Rg7 g4 51. Ke3 Kc4 52. Rg5 Bg2 53. Rxg4 Bf3 54. Rg5 Bh1 55. Kd2 Bf3 56. Rf5 Bg4 57. Rf7 Bf3 58. Kc2 Kb5 59. Ra7 Kc4 60. Ra5 Bh5 61. Ra4+ Kd5 62. Kd2 Be8 63. Ra6 Bb5 64. Rb6 Bf1 65. Rb1 Bg2 66. Ra1 Kc4 67. Kc2 Bf3 68. Ra5 Bh5 69. Ra4+ Kd5 70. Kd2 Be8 71. Ra7 Kc4 72. Re7 Bc6 73. Rc7 Ba8 74. Kc2 Bd5 75. Ra7 Bc6 76. Kd2 Bd5 77. Ra6 Bb7 78. Ra3 Bd5 79. Ke3 Kb5 80. Kf4 Kc4 81. Ke5 Bb7 82. Kd6 Bc8 83. Ra5 Bg4 84. Rxc5+ Kd3 85. Ke5 Bf3 86. Kf4 Ke2 87. Kg3 Kd3 88. Rc7 Bh1 89. c4 1-0

[Event "71st MNE-ch 2019"]
[Site "Podgorica"]
[Date "2019.05.24"]
[Round "7.5"]
[White "Draskovic, Luka"]
[Black "Musovic, Armin"]
[Result "1-0"]
[ECO "A39"]
[WhiteElo "2430"]
[BlackElo "2297"]
[Annotator "RC"]
[PlyCount "67"]
[EventDate "2019.05.18"]
[EventType "swiss"]
[EventCountry "MNE"]
[SourceTitle "playchess.com"]
[Source "ChessBase"]
[SourceQuality "1"]
[TimeControl "40/5400+30:1800+30"]

1. Nf3 Nf6 2. g3 g6 3. Bg2 Bg7 4. O-O O-O 5. c4 c5 6. Nc3 Nc6 7. d4 cxd4 8. Nxd4 Nxd4 9. Qxd4 d6 10. Qd3 Ng4 11. b3 Qa5 12. Bd2 Bf5 13. Qd5 Qa3 14. e4 Be6 15. Qd3 Qc5 16. Rac1 Ne5 17. Qc2 Qc8 18. Nd5 Re8 19. Kh1 Bd7 20. Bc3 e6 21. Ne3 Qc5 22. Qd2 Bf8 23. f4 Nc6 24. Ng4 Bg7 25. Nf6+ Bxf6 26. Bxf6 h5 27. Rfd1 Bc8 28. e5 dxe5 29. fxe5 Qf8 30. g4 h4 31. Qg5 Kh7 32. Qxh4+ Qh6 33. Qxh6+ Kxh6 34. Rc3 1-0

[Event "71st MNE-ch 2019"]
[Site "Podgorica"]
[Date "2019.05.24"]
[Round "7.10"]
[White "Vujacic, Igor"]
[Black "Djurovic, Peko"]
[Result "1-0"]
[ECO "B33"]
[WhiteElo "2205"]
[BlackElo "1898"]
[Annotator "NA RC"]
[PlyCount "97"]
[EventDate "2019.05.18"]
[EventType "swiss"]
[EventCountry "MNE"]
[SourceTitle "playchess.com"]
[Source "ChessBase"]
[SourceQuality "1"]
[TimeControl "40/5400+30:1800+30"]

1. e4 c5 2. Nf3 Nc6 3. d4 cxd4 4. Nxd4 Nf6 5. Nc3 e5 6. Ndb5 d6 7. Bg5 a6 8. Na3 b5 9. Nd5 Be7 10. Bxf6 Bxf6 11. c3 Bg5 12. Nc2 Be6 {[%emt 0:00:39] B33: Sicilian: Pelikan and Sveshnikov Variations} (12... Rb8 13. Be2 O-O 14. O-O Kh8 15. Bg4 Bb7 16. Ncb4 Nxb4 17. cxb4 g6 18. a4 bxa4 19. Rxa4 Bc6 20. Be2 Bxa4 21. Qxa4 f5 22. exf5 Rxf5 {½-½ (30) Giri,A (2783)-Carlsen,M (2835) Wijk aan Zee 2019}) 13. a4 bxa4 14. Ncb4 Nxb4 15. Qxa4+ Kf8 16. Nxb4 a5 $146 ({Predecessor:} 16... g6 17. Bxa6 Kg7 18. O-O Qb6 19. Qc6 Rab8 20. Qxb6 Rxb6 {½-½ (33) Hlavac,R (2040)-Volodin,V (2200) Marianske Lazne 2013}) 17. Bb5 g6 18. Bc6 Ra7 19. Bd5 Qb6 20. O-O Kg7 21. Qc6 Qd8 22. Qb5 Bd7 23. Bc6 Qc7 24. Bxd7 axb4 25. Rxa7 Qxa7 26. Bc6 bxc3 27. bxc3 Rb8 28. Qd3 Rb2 29. Bd5 Qc5 30. Qf3 f6 31. g3 Rc2 32. c4 Qd4 33. h4 Bd2 34. Rd1 Rc1 35. Rxc1 Bxc1 36. Qb3 Qa7 37. Qb5 Qe7 38. Qb8 f5 39. exf5 gxf5 40. Qb1 Ba3 41. Qxf5 Bc5 $2 (41... Qf8 42. Qd7+ Kh8) 42. h5 Bb6 43. Be4 Kh6 44. g4 $18 (44. Kf1 $142 Bd8) 44... Bd8 45. Kf1 Qg7 46. Qe6+ Kg5 47. Qxd6 Kf4 48. Qd2+ Kxe4 49. Qe3# 1-0

[Event "71st MNE-ch 2019"]
[Site "Podgorica"]
[Date "2019.05.24"]
[Round "7.12"]
[White "Popovic, Mateja"]
[Black "Miletic, Vuk"]
[Result "0-1"]
[ECO "A40"]
[WhiteElo "1436"]
[BlackElo "1954"]
[Annotator "NA RC"]
[PlyCount "79"]
[EventDate "2019.05.18"]
[EventType "swiss"]
[EventCountry "MNE"]
[SourceTitle "playchess.com"]
[Source "ChessBase"]
[SourceQuality "1"]
[TimeControl "40/5400+30:1800+30"]

1. d4 g6 2. Nf3 Bg7 3. c3 d6 4. Bf4 Nf6 5. Nbd2 O-O 6. e4 Nbd7 7. Bd3 Re8 8. O-O e5 9. Bg5 h6 10. Bxf6 Nxf6 11. Qb3 Nh5 12. g3 Qf6 13. Rfe1 a5 14. a4 g5 15. dxe5 dxe5 16. Bc4 Bf8 17. Qc2 Bc5 18. Nb3 Bb6 19. Qe2 Bg4 20. Kg2 Rad8 21. Rad1 Bd7 22. Bb5 Bxb5 23. axb5 g4 24. Nfd2 Qe6 25. Nc4 a4 26. Nxb6 cxb6 27. Nc1 Nf6 28. Nd3 Qc4 29. Qe3 Kg7 30. Nxe5 Qxb5 31. Rxd8 Rxd8 32. Qf4 Qxb2 33. Nxg4 Nxg4 34. Qxg4+ Kf8 35. Qh4 Rd6 36. e5 Re6 37. Qxa4 Qxc3 38. Re4 Qc6 39. Qd4 f5 40. Qa4 0-1

[Event "71st MNE-ch 2019"]
[Site "Podgorica"]
[Date "2019.05.24"]
[Round "7.13"]
[White "Abramovic, Dragoljub"]
[Black "Sabotic, Denis"]
[Result "1-0"]
[ECO "D03"]
[WhiteElo "2063"]
[BlackElo "1682"]
[Annotator "NA RC"]
[PlyCount "121"]
[EventDate "2019.05.18"]
[EventType "swiss"]
[EventCountry "MNE"]
[SourceTitle "playchess.com"]
[Source "ChessBase"]
[SourceQuality "1"]
[TimeControl "40/5400+30:1800+30"]

1. d4 Nf6 2. Bg5 d5 3. Nf3 Ne4 4. Bf4 Bf5 5. e3 e6 6. Nbd2 Nd7 7. h3 c5 8. c3 c4 9. g4 Bg6 10. Nxe4 Bxe4 11. Bg2 Bd3 12. Bf1 Bxf1 13. Kxf1 b5 14. Qe2 Nf6 15. Bg5 h6 16. Bxf6 gxf6 17. e4 Be7 18. b3 Rb8 19. a4 b4 20. bxc4 bxc3 21. exd5 Rb2 22. Qd3 Bb4 23. dxe6 fxe6 24. Qg6+ Kd7 25. Kg2 h5 26. g5 Qa8 27. Rhe1 Rf8 28. Qh7+ Be7 29. d5 e5 30. Nd4 fxg5 31. Nf5 Re8 32. Rxe5 Qd8 33. Rae1 Kc7 34. Nxe7 Qd7 35. d6+ Kb8 36. c5 Rf8 37. Rf5 Rc8 38. Rxg5 Qb7+ 39. Qe4 Qxe4+ 40. Rxe4 Rf8 41. Rf5 Rxf5 42. Nxf5 Kb7 43. d7 Rd2 44. Nd6+ Kc7 45. Nb5+ Kxd7 46. Nxc3 Kc6 47. Re7 a6 48. Ne4 Ra2 49. Kg3 Rxa4 50. f4 Ra3+ 51. Kf2 Rxh3 52. f5 Rh2+ 53. Kg3 Rh1 54. f6 Rg1+ 55. Kf2 Rg4 56. f7 Rf4+ 57. Ke3 Rf5 58. Re6+ Kd7 59. Rf6 Rxf6 60. Nxf6+ Ke7 61. c6 1-0

[Event "71st MNE-ch 2019"]
[Site "Podgorica"]
[Date "2019.05.24"]
[Round "7.14"]
[White "Koljevic, Nikolina"]
[Black "Petrovic, Slavko"]
[Result "1-0"]
[ECO "B30"]
[WhiteElo "1964"]
[BlackElo "1945"]
[Annotator "NA RC"]
[PlyCount "91"]
[EventDate "2019.05.18"]
[EventType "swiss"]
[EventCountry "MNE"]
[SourceTitle "playchess.com"]
[Source "ChessBase"]
[SourceQuality "1"]
[TimeControl "40/5400+30:1800+30"]

1. e4 c5 2. Nf3 Nc6 3. Bb5 Qc7 4. Nc3 e6 5. Bxc6 bxc6 (5... Qxc6 6. d4 cxd4 7. Nxd4 Qc7 8. Ndb5 Qb8 9. Be3 a6 10. Bb6 axb5 11. Nxb5 Bb4+ 12. c3 Ba5 13. Bxa5 Rxa5 {1-0 (27) Kryvoruchko,Y (2703)-Tabatabaei,M (2605) Dubai 2018}) 6. O-O {[%emt 0:01:52] B30: Sicilian: 2...Nc6 3 Bb5, lines without ...g6} e5 7. d3 Be7 8. Be3 Rb8 $146 ({Predecessor:} 8... Nf6 9. Nd2 d6 10. h3 g5 11. Bxg5 Bxh3 12. Bh4 Rg8 {1-0 (43) Zilinskas,V (2080)-Novotny,M (2250) Ostrava 2007}) 9. Qc1 d6 10. Nd2 g5 11. Nb3 h6 12. Ne2 Be6 13. Ng3 Qd7 14. c3 c4 15. dxc4 Bxc4 16. Rd1 Qc7 17. Nd2 Be6 18. c4 Nf6 19. b3 O-O 20. Nf3 Nh7 21. Qc2 Kh8 22. c5 d5 23. exd5 cxd5 24. Nf5 Bf6 25. Rac1 d4 26. Bd2 Qc6 27. Re1 Bd5 $2 (27... Rbd8 $16 {is more resistant.}) 28. Nxe5 Bxe5 29. Rxe5 Bxg2 30. Nxd4 Qa8 31. c6 Bh3 32. Qc3 Bc8 33. Nb5 Rxb5 34. Rxb5+ Kg8 35. h4 Ba6 36. Ra5 Qc8 37. hxg5 h5 38. Qf3 h4 39. Qf5 Qxf5 40. Rxf5 Bc8 41. Rb5 Kg7 42. c7 Kg6 43. Rc6+ f6 44. Rb8 Kf7 45. Bc3 fxg5 $18 46. Rh6 1-0

[Event "71st MNE-ch 2019"]
[Site "Podgorica"]
[Date "2019.05.24"]
[Round "7.15"]
[White "Stankovic, Zarko"]
[Black "Bacic, Kristina"]
[Result "0-1"]
[ECO "B01"]
[WhiteElo "2218"]
[BlackElo "1819"]
[Annotator "RC"]
[PlyCount "84"]
[EventDate "2019.05.18"]
[EventType "swiss"]
[EventCountry "MNE"]
[SourceTitle "playchess.com"]
[Source "ChessBase"]
[SourceQuality "1"]
[TimeControl "40/5400+30:1800+30"]

1. e4 d5 2. exd5 Qxd5 3. Nc3 Qd8 4. g3 Nf6 5. Bg2 c6 6. Nge2 Bf5 7. d3 e6 8. O-O Be7 9. h3 O-O 10. b3 Nd5 11. Ne4 Nd7 12. Bb2 N7f6 13. a3 Bg6 14. c4 Nb6 15. Qc2 Nxe4 16. dxe4 Bf6 17. Rad1 Qe7 18. f4 Bxb2 19. Qxb2 Rfd8 20. Rxd8+ Rxd8 21. f5 exf5 22. exf5 Qe3+ 23. Rf2 Bxf5 24. Nf4 Qxg3 25. Qe2 Qxb3 26. Qe7 Qd1+ 27. Bf1 Qd7 28. Qg5 Bg6 29. h4 f6 30. Qg3 Bf7 31. Bh3 Qd4 32. Be6 Nxc4 33. Kh2 Ne5 34. Rg2 Ng6 35. Nxg6 hxg6 36. Bxf7+ Kxf7 37. Qxg6+ Ke6 38. Re2+ Kd6 39. Qxg7 Qxh4+ 40. Kg2 Qg5+ 41. Qxg5 fxg5 42. Kg3 Rg8 0-1

[Event "71st MNE-ch 2019"]
[Site "Podgorica"]
[Date "2019.05.24"]
[Round "7.16"]
[White "Ljeskovic, Luka"]
[Black "Rakic, Tijana"]
[Result "0-1"]
[ECO "A00"]
[WhiteElo "1710"]
[BlackElo "1579"]
[Annotator "NA RC"]
[PlyCount "66"]
[EventDate "2019.05.18"]
[EventType "swiss"]
[EventCountry "MNE"]
[SourceTitle "playchess.com"]
[Source "ChessBase"]
[SourceQuality "1"]
[TimeControl "40/5400+30:1800+30"]

1. g3 c5 2. Bg2 Nc6 3. Nc3 g6 4. f4 Bg7 5. e4 d6 6. h3 e6 7. Nge2 Nge7 8. d3 a6 9. a4 Nd4 10. Nxd4 cxd4 11. Ne2 h5 12. O-O Bd7 13. b3 Qc7 14. Bb2 Nc6 15. Qd2 O-O 16. g4 hxg4 17. hxg4 Ne7 18. Bxd4 e5 19. Bb2 Bxg4 20. Rac1 Bh6 21. Qe3 Bxe2 22. Qxe2 Bxf4 23. Rxf4 exf4 24. Qf3 Qc5+ 25. Kf1 Qe3 26. Qg4 Qg3 27. Qd7 f3 28. Bh1 Nc6 29. Qxb7 Ne5 30. Bxe5 dxe5 31. Qb4 Kg7 32. Qe1 Qf4 33. Qf2 Qxc1+ 0-1

[Event "71st MNE-ch 2019"]
[Site "Podgorica"]
[Date "2019.05.25"]
[Round "8.1"]
[White "Kontic, Djordjije"]
[Black "Djukic, Nikola"]
[Result "0-1"]
[ECO "B30"]
[WhiteElo "2264"]
[BlackElo "2552"]
[Annotator "ChessBase"]
[PlyCount "84"]
[EventDate "2019.05.18"]
[EventType "swiss"]
[EventCountry "MNE"]
[SourceTitle "playchess.com"]
[Source "ChessBase"]
[SourceQuality "1"]
[TimeControl "40/5400+30:1800+30"]

1. e4 c5 2. Nf3 Nc6 3. Nc3 g6 4. a3 Bg7 5. Bc4 d6 6. d3 e6 7. Bg5 Nge7 8. Ba2 h6 9. Bh4 O-O 10. O-O Rb8 11. Re1 b5 12. Rb1 a6 13. Bg3 Bb7 14. h4 Kh8 15. Qc1 Nd4 16. Nh2 Rc8 17. Nd1 d5 18. c3 Ndc6 19. Ng4 h5 20. exd5 exd5 21. Ne5 Nf5 22. Nf3 Nxg3 23. fxg3 Qd6 24. Qf4 Rcd8 25. Ne3 Qxf4 26. gxf4 d4 27. cxd4 Bxd4 28. Kh2 Rd7 29. Ng5 Nd8 30. Nc2 Bf2 31. Re5 Rxd3 32. Ne1 Bg3+ 33. Kg1 Rd2 34. Nef3 Bxf4 35. Re7 Bxg5 36. Nxg5 c4 37. Kf1 Bxg2+ 38. Ke1 Rd6 39. Kf2 Bc6 40. Kg1 Kg8 41. Rf1 Rd2 42. Rf2 Rd4 0-1

[Event "71st MNE-ch 2019"]
[Site "Podgorica"]
[Date "2019.05.25"]
[Round "8.2"]
[White "Kalezic, Blazo"]
[Black "Tomic, Aleksandar"]
[Result "1/2-1/2"]
[ECO "B22"]
[WhiteElo "2450"]
[BlackElo "2357"]
[Annotator "ChessBase"]
[PlyCount "94"]
[EventDate "2019.05.18"]
[EventType "swiss"]
[EventCountry "MNE"]
[SourceTitle "playchess.com"]
[Source "ChessBase"]
[SourceQuality "1"]
[TimeControl "40/5400+30:1800+30"]

1. e4 c5 2. c3 d5 3. exd5 Qxd5 4. d4 Nf6 5. Nf3 e6 6. Bd3 Be7 7. O-O O-O 8. Be3 b6 9. c4 Qd6 10. dxc5 bxc5 11. Qe2 Bb7 12. Rd1 Qc7 13. Nc3 Nc6 14. Rac1 Rfd8 15. Nb5 Qb8 16. h3 e5 17. Nc3 Nd4 18. Bxd4 exd4 19. Qxe7 Bxf3 20. gxf3 dxc3 21. bxc3 Qf4 22. Qe3 Qh4 23. Bf1 Qh5 24. Qf4 Re8 25. Re1 h6 26. Kh1 Qg6 27. Red1 Qh5 28. Re1 Qg6 29. Red1 Re6 30. Qg3 Qh5 31. Bd3 Rae8 32. Rg1 g6 33. Kh2 Kg7 34. Rcd1 R8e7 35. f4 Ra6 36. Rd2 Ra3 37. f5 g5 38. Bc2 g4 39. Bd1 Ne4 40. f6+ Nxf6 41. Bxg4 Nxg4+ 42. Qxg4+ Qxg4 43. Rxg4+ Kh7 44. Rg3 Ra4 45. Rgd3 Rxc4 46. Rd7 Rxd7 47. Rxd7 Kg6 1/2-1/2

[Event "71st MNE-ch 2019"]
[Site "Podgorica"]
[Date "2019.05.25"]
[Round "8.3"]
[White "Blagojevic, Dragisa"]
[Black "Nikac, Predrag"]
[Result "1-0"]
[ECO "A89"]
[WhiteElo "2499"]
[BlackElo "2319"]
[Annotator "ChessBase"]
[PlyCount "79"]
[EventDate "2019.05.18"]
[EventType "swiss"]
[EventCountry "MNE"]
[SourceTitle "playchess.com"]
[Source "ChessBase"]
[SourceQuality "1"]
[TimeControl "40/5400+30:1800+30"]

1. d4 f5 2. c4 g6 3. g3 Nf6 4. Nc3 Bg7 5. Bg2 O-O 6. Nf3 d6 7. O-O Nc6 8. d5 Na5 9. Qd3 c5 10. Bd2 a6 11. Rac1 Rb8 12. b3 Bd7 13. e4 Ng4 14. exf5 Rxf5 15. Qe2 b5 16. Ng5 bxc4 17. Qxg4 cxb3 18. Qh4 h6 19. Nge4 bxa2 20. Nxa2 Nb3 21. Rcd1 Nd4 22. g4 g5 23. Qh3 Ne2+ 24. Kh1 Rf7 25. Bxg5 hxg5 26. Nxg5 Rf4 27. Qh7+ Kf8 28. h3 Rb2 29. Nc1 Nxc1 30. Rxc1 Rbxf2 31. Rxf2 Rxf2 32. Rf1 Rxf1+ 33. Bxf1 e6 34. Qg6 Qe8 35. Nh7+ Ke7 36. Qxg7+ Kd8 37. Nf6 Qe7 38. Qxe7+ Kxe7 39. Nxd7 exd5 40. Nb6 1-0